 Dungeon Crawl Stone Soup version 0.22.2-1-ge965b3a (webtiles) character file.

273 ruda the Cudgeler (level 6, -4/55 HPs)
             Began as a Minotaur Fighter on July 28, 2019.
             Was a Believer of Nemelex Xobeh.
             Killed from afar by Natasha (8 damage)
             ... with a magic dart
             ... on level 3 of the Dungeon.
             The game lasted 00:13:10 (4092 turns).

ruda the Cudgeler (Minotaur Fighter)                Turns: 4092, Time: 00:13:11

Health: -4/55      AC:  6    Str: 22    XL:     6   Next: 3%
Magic:  5/5        EV:  8    Int:  5    God:    Nemelex Xobeh [**....]
Gold:   99         SH: 10    Dex: 10    Spells: 5/5 levels left

rFire    + . .     SeeInvis .   a - +1 flail
rCold    + . .     Gourm    .   c - +0 shield
rNeg     . . .     Faith    .   b - +0 scale mail
rPois    .         Spirit   .   (helmet restricted)
rElec    .         Reflect  .   q - scarf {rC+ rF+}
rCorr    .         Harm     .   (no gloves)
MR       .....                  (no boots)
Stlth    ..........             (no amulet)
HPRegen  0.18/turn              o - ring of attention (curse)
MPRegen  0.09/turn              (no ring)

@: no status effects
A: retaliatory headbutt, horns 2
a: Renounce Religion


You were on level 3 of the Dungeon.
You worshipped Nemelex Xobeh.
Nemelex Xobeh was pleased with you.
You were not hungry.

You visited 1 branch of the dungeon, and saw 3 of its levels.

You collected 99 gold pieces.

Inventory:

Hand Weapons
 a - a +1 flail (weapon)
Armour
 b - a +0 scale mail (worn)
 c - a +0 shield (worn)
 q - a scarf of resistance (worn)
Jewellery
 o - a cursed ring of attention (left hand)
Wands
 r - a wand of flame (26)
Scrolls
 h - a scroll of random uselessness
 j - a scroll of immolation {unknown}
 l - a scroll of fear {unknown}
 m - 2 scrolls of enchant weapon
 p - a scroll of identify {unknown}
Potions
 d - a potion of might
 e - a potion of flight {unknown}
 i - a potion of agility {unknown}
 k - a potion of brilliance {unknown}
Miscellaneous
 n - a plain deck of destruction {drawn: 1}
Comestibles
 f - a ration


   Skills:
 + Level 4.9 Fighting
 * Level 6.0 Maces & Flails
 - Level 3.6 Armour
 + Level 0.6 Dodging
 + Level 0.3 Stealth
 + Level 4.6 Shields


You had 5 spell levels left.
You didn't know any spells.
Your spell library was empty.

Dungeon Overview and Level Annotations

Branches:
Dungeon (3/15)

Altars:
Dithmenos
Elyvilon
Gozag
Nemelex Xobeh
Sif Muna

Annotations:
D:3 1 transporter, Natasha


Innate Abilities, Weirdness & Mutations

You reflexively headbutt those who attack you in melee.
You have a pair of horns on your head.


Message History

Natasha mumbles some strange words.
You hit Natasha but do no damage. Your headbutt misses Natasha.
Natasha is lightly wounded.
Natasha casts a spell at you. The magic dart hits you!
* * * LOW HITPOINT WARNING * * *
The crimson imp blinks!
You barely miss Natasha.
Natasha is lightly wounded.
Natasha barely misses you.
You hit Natasha.
Natasha is moderately wounded.
You block Natasha's attack.
The crimson imp blinks!
Natasha claws you.
* * * LOW HITPOINT WARNING * * *
You closely miss Natasha. Your headbutt misses Natasha.
Natasha is moderately wounded.
Natasha stares at you and mumbles some strange words.
The magic dart hits you!
You die...
Your body disappears without a glow.

#.#.#..........###....
#.#..<..........#..#..
#.##....#.####.....##.
#.##.####.# ###.###.. #.#
#.##.####.######.# #.# #.#
#.##.#...........# #.#
######.###.##.#.##.########
#.# ###..........##.#.##.#
#.# ..#.####.##.....@....##
#.# #.....##.##.###.h.....#
#.# #.....##.#...#....###.#
#.#
#...........##...####.##
#.....#.##..#8...8##...#
#©....#.###.##...###...#
#...###.# #.##...# #...#
#.#.# #.# #.##.§.####.##
#.#.# #.# #.#⌠...8# #.#


You could see Natasha.

Vanquished Creatures
  Sigmund (D:2)
  Crazy Yiuf (D:2)
  Terence (D:2)
  An adder (D:2)
  2 oozes (D:2)
  6 worms
  3 leopard geckos
  3 giant cockroaches
  3 hobgoblins
  5 kobolds
  5 bats
  4 frilled lizards
  4 goblins (D:1)
  2 rats (D:2)
41 creatures vanquished.

Vanquished Creatures (others)
  A quokka (D:2)
1 creature vanquished.

Grand Total: 42 creatures vanquished

Notes
Turn   | Place    | Note
-------+----------+-------------------------------------------
     0 | D:1      | ruda the Minotaur Fighter began the quest for the Orb.
     0 | D:1      | Reached XP level 1. HP: 19/19 MP: 0/0
   197 | D:1      | Reached XP level 2. HP: 27/27 MP: 1/1
   242 | D:1      | Found a sparkling altar of Nemelex Xobeh.
   251 | D:1      | Became a worshipper of Nemelex Xobeh the Trickster
   284 | D:1      | Received a gift from Nemelex Xobeh
   801 | D:2      | Reached skill level 3 in Maces & Flails
   831 | D:2      | Noticed Terence
   858 | D:2      | Found an opulent altar of Gozag.
  1088 | D:2      | Found a white marble altar of Elyvilon.
  1097 | D:2      | Reached XP level 3. HP: 31/33 MP: 2/2
  1128 | D:2      | Reached * piety under Nemelex Xobeh
  1182 | D:2      | Killed Terence
  1182 | D:2      | Reached XP level 4. HP: 24/41 MP: 3/3
  1512 | D:2      | Found a runed door.
  1552 | D:2      | Noticed Crazy Yiuf
  1948 | D:2      | Reached skill level 4 in Maces & Flails
  2419 | D:2      | Killed Crazy Yiuf
  2726 | D:2      | Found a deep blue altar of Sif Muna.
  2780 | D:2      | Noticed Sigmund
  3477 | D:2      | Killed Sigmund
  3477 | D:2      | Reached skill level 6 in Maces & Flails
  3477 | D:2      | Reached XP level 5. HP: 44/47 MP: 4/4
  3656 | D:3      | Found a shadowy altar of Dithmenos.
  3690 | D:3      | Received a gift from Nemelex Xobeh
  3734 | D:3      | Reached XP level 6. HP: 45/55 MP: 5/5
  3800 | D:3      | Found a transporter.
  3800 | D:3      | Reached ** piety under Nemelex Xobeh
  3814 | D:3      | Found a transporter.
  4028 | D:3      | HP: 2/55 [shadow imp/nerve-wracking pain (14)]
  4070 | D:3      | Noticed Natasha
  4092 | D:3      | Killed from afar by Natasha

Skill      XL: |  1  2  3  4 |
---------------+-------------+-----
Fighting       | 4 |  4.9
Shields        | 4 |  4.6
Maces & Flails | 3 6 |  6.0
Armour         | |  3.6
Dodging        | |  0.6
Stealth        | |  0.3

Action                   |  1- 3 |  4- 6 || total
-------------------------+-------+-------++-------
Melee: Flail             |    77 |    66 ||   143
       Headbutt          |    13 |    12 ||    25
Evoke: Deck              |       |     1 ||     1
  Use: Scroll            |     3 |     1 ||     4
       Potion            |       |     2 ||     2
  Eat: Ration            |       |     3 ||     3
       Chunk             |       |     1 ||     1
Armor: Scale mail        |    19 |    16 ||    35
Dodge: Dodged            |    20 |    13 ||    33
Block: Shield            |    41 |    23 ||    64
